 Dungeon Crawl Stone Soup version 0.16-a0-956-g65bd446 (webtiles) character file.

130 MRaven the Skirmisher (level 4, -1/60 HPs)
             Began as a Draconian Fighter on Oct 1, 2014.
             Was a Follower of Ashenzari.
             Succumbed to a worker ant's poison
             ... on Level 4 of the Dungeon.
             The game lasted 00:09:58 (2516 turns).

MRaven the Skirmisher (Draconian Fighter)           Turns: 2516, Time: 00:09:59

HP  -1/60        AC  7     Str 24      XL: 4   Next: 90%
MP   4/4         EV 12     Int  9      God: Ashenzari [*.....]
Gold 151         SH  9     Dex 10      Spells:  0 memorised,  3 levels left

rFire  . . .     SeeInvis .     n - +0 hand axe (flame)
rCold  . . .     Clarity  .     (armour unavailable)
rNeg   . . .     rCorr    .     c - +0 shield
rPois  .         rRot     .     (helmet restricted)
rElec  .         Spirit   .     (no cloak)
SustAb .         Warding  .     b - +0 pair of gloves
rMut   .         Stasis   .     d - +0 pair of boots
Gourm  .                        (no amulet)
MR     .....                    (no ring)
                                u - +2 ring of evasion

@: berserking, lethally poisoned, very slightly contaminated, hasted, very
quick, not resistant to hostile enchantments, extremely unstealthy
A: unfitting armour, cold-blooded, AC +5
a: Renounce Religion


You were on level 4 of the Dungeon.
You worshipped Ashenzari.
Ashenzari was aware of your devotion.
You were hungry.

You visited 1 branch of the dungeon, and saw 4 of its levels.

You collected 151 gold pieces.

Inventory:

Hand weapons
 n - a +0 hand axe of flaming (weapon)
Armour
 b - a +0 pair of gloves (worn)
 c - a +0 shield (worn)
 d - a +0 pair of boots (worn)
Comestibles
 f - 3 bread rations
 o - a chunk of giant newt flesh
 p - 5 fruits
 q - a meat ration
 w - a rotting chunk of bat flesh
 x - a rotting chunk of bat flesh
Scrolls
 g - a scroll of blinking
 j - a scroll of fear
 t - a scroll of remove curse
Jewellery
 i - an uncursed ring of ice
 u - a +2 ring of evasion (left hand)
Potions
 a - a potion of heal wounds {unknown}
 e - a potion of might
 h - a potion of haste
 k - 2 potions of resistance
 r - a potion of brilliance {unknown}
Books
 v - a book of the Tempests

   Spells                             Type                      Level
   Static Discharge                   Conjuration/Air              3
   Lightning Bolt                     Conjuration/Air              5
   Fireball                           Conjuration/Fire             5
   Tornado                            Air                          9
   Shatter                            Earth                        9


   Skills:
 + Level 4.1 Fighting
   Level 2.1 Long Blades
 * Level 2.4 Axes
 + Level 3.1 Dodging
 + Level 3.9 Shields


You had 3 spell levels left.
You didn't know any spells.

Dungeon Overview and Level Annotations

Branches:
Dungeon (4/15)
 Temple: D:4-7

Altars:
Ashenzari


Innate Abilities, Weirdness & Mutations

Your plain brown scales are hard (AC +5).
Your body does not fit into most forms of armour.
Your cold-blooded metabolism reacts poorly to cold.


Message History

* * * LOW HITPOINT WARNING * * *
You feel sick. The worker ant bites you.
* * * LOW HITPOINT WARNING * * *
You are more poisoned.
The worker ant poisons you!
* * * LOW HITPOINT WARNING * * *
You feel sick.
* * * LOW HITPOINT WARNING * * *
You feel sick.
Drink which item? (? for menu, Esc to quit)
A red film seems to cover your vision as you go berserk!
You feel yourself moving faster!
You feel mighty!
It was a potion of berserk rage.
* * * LOW HITPOINT WARNING * * *
You feel sick. The worker ant bites you.
* * * LOW HITPOINT WARNING * * *
Unknown command.
You slash the worker ant! You burn the worker ant.
You kill the worker ant!
You die...

.# #. .# #. .# #.
#.# ####.##.#
###.......#
..........###
##..##......#
........@...###.#
##..###.........#
...###.....#####
#...........#
#######..##.##
#.......########
#...##..##.....#
###...##..##.....#
.
....[.#.........#


There were no monsters in sight!

Vanquished Creatures
  A worker ant (D:4)
  2 adders
  2 worms (D:2)
  6 giant geckos
  2 oozes
  An orc (D:3)
  15 bats
  A giant cockroach (D:1)
  7 goblins
  6 hobgoblins
  2 ball pythons (D:1)
  4 giant newts
  12 kobolds
  2 quokkas
  8 rats
71 creatures vanquished.

Notes
Turn   | Place    | Note
--------------------------------------------------------------
     0 | D:1      | MRaven, the Draconian Fighter, began the quest for the Orb.
     0 | D:1      | Reached XP level 1. HP: 19/19 MP: 1/1
   491 | D:1      | Reached XP level 2. HP: 20/26 MP: 2/2
  1047 | D:1      | Reached XP level 3. HP: 31/31 MP: 3/3
  1235 | D:2      | Reached skill level 1 in Axes
  1302 | D:2      | Found a shattered altar of Ashenzari.
  1315 | D:2      | Became a worshipper of Ashenzari the Shackled
  1689 | D:2      | Reached XP level 4. HP: 40/40 MP: 4/4
  2462 | D:4      | Reached skill level 4 in Fighting
  2514 | D:4      | HP: 2/40 [poisoned by a worker ant]
  2516 | D:4      | Succumbed to a worker ant's poison

Action                   |  1- 3 |  4- 6 || total
-------------------------+-------+-------++-------
Melee: Long sword        |    53 |       ||    53
       Hand axe          |    95 |    79 ||   174
  Use: Scroll            |     4 |     7 ||    11
       Potion            |       |     2 ||     2
  Eat: Chunk             |     3 |     2 ||     5
